[Event "Early-Titled-Tuesday-Blitz-October-17-2023"]
[Site "Chess.com"]
[Date "2023.10.17"]
[Round "8"]
[White "Mystery2007"]
[Black "profedechess93"]
[Result "1/2-1/2"]
[WhiteElo "2473"]
[BlackElo "2605"]
[TimeControl "180+1"]
[EndTime "9:33:19 PDT"]
[Termination "Game drawn by repetition"]

1. e4 e6 2. Qe2 c5 3. Nf3 Nc6 4. g3 d6 5. Bg2 e5 6. O-O Bg4 7. c3 Nf6 8. h3 Bh5 9. d3 Be7 10. Nbd2 O-O 11. Re1 Rb8 12. Nf1 b5 13. g4 Bg6 14.
Nh4 b4 15. Nxg6 hxg6 16. Be3 bxc3 17. bxc3 Qa5 18. Qc2 Rfc8 19. Nd2 Nh7 20. Nc4 Qc7 21. f4 Na5 22. Qa4 Nxc4 23. Qxc4 exf4 24. Bxf4 Bg5 25.
Bg3 Rb2 26. Rf1 Be3+ 27. Kh1 Ng5 28. h4 Ne6 29. Rab1 Rxb1 30. Rxb1 d5 31. Bxc7 dxc4 32. Rb8 Rxb8 33. Bxb8 cxd3 34. Bxa7 d2 35. Bf3 Nf4 36. a4 Ne6 37. Kg2 Kf8 38. a5 Ke7 39. Kf1 Kd7 40. Ke2 Bf4 41. e5 Nc7 42. Bb6 Nb5 43. Kd3 Bxe5 44. Kxd2 Bxc3+ 45. Kd3 Bd4 46. Kc4 Nd6+ 47. Kd5 Ne8 48. g5 Nc7+ 49. Bxc7 Kxc7 50. Be2 Bf2 51. h5 gxh5 52. Bxh5 g6 53. Be2 Be3 54. a6 Bxg5 55. Kxc5 Be3+ 56. Kd5 Ba7 57. Ke5 Kd7 58. Bb5+ Ke7 59.
Kf4 f6 60. Bd3 Kf7 61. Kg4 Bb8 62. Bc4+ Kg7 63. Bd3 Ba7 64. Bc2 Kh6 65. Bd3 Bb8 66. Bc2 Kg7 67. Bd3 Kf7 68. Bc4+ Kg7 69. Bd3 1/2-1/2

[Event "Early-Titled-Tuesday-Blitz-October-17-2023"]
[Site "Chess.com"]
[Date "2023.10.17"]
[Round "8"]
[White "Zurability"]
[Black "Ginzburg_Yakov"]
[Result "0-1"]
[WhiteElo "2738"]
[BlackElo "2598"]
[TimeControl "180+1"]
[EndTime "9:33:22 PDT"]
[Termination "Ginzburg_Yakov won on time"]

1. Nf3 Nf6 2. g3 g6 3. Bg2 Bg7 4. O-O O-O 5. d4 d5 6. c4 c6 7. a4 Ne4 8. cxd5 cxd5 9. a5 Nc6 10. Qa4 Bd7 11. Qd1 Nxa5 12. Nfd2 Nxd2 13. Bxd2 Nc6 14. Bxd5 Bh3 15. Bg2 Bxg2 16. Kxg2 Qxd4 17. Bc3 Qxd1 18. Rxd1 Rfd8 19. Rc1 Rac8 20. Bxg7 Kxg7 21. e3 a6 22. Na3 Ne5 23. Rxc8 Rxc8 24. Rd1 Nc4 25. Nxc4 Rxc4 26. Rd2 e6 27. Kf3 Kf6 28. Ke2 Ke7 29. Kd3 Rc5 30. Re2 Kd6 31. Re1 a5 32. Ra1 b6 33. Ra4 Rb5 34. Kc3 Rf5 35. f4 Rh5 36. h4 Rc5+ 37. Kb3 f5 38. e4 Rb5+ 39. Kc3 Rc5+ 40. Kd3 e5 41. exf5 gxf5 42. fxe5+ Rxe5 43. Rf4 h5 44. Kc3 b5 45. b3 Re3+ 46. Kc2 Ke5 47.
Rf2 Rxg3 48. Re2+ Kf4 49. Re6 Kg4 50. Ra6 f4 51. Rxa5 f3 52. Rxb5 f2 53. Rg5+ Kf3 54.
Rxh5 Rg4 55. Rf5+ Rf4 56. Rxf4+ Kxf4 0-1

[Event "Early-Titled-Tuesday-Blitz-October-17-2023"]
[Site "Chess.com"]
[Date "2023.10.17"]
[Round "8"]
[White "alexrustemov"]
[Black "SashaKuzhilniy"]
[Result "0-1"]
[WhiteElo "2792"]
[BlackElo "2641"]
[TimeControl "180+1"]
[EndTime "9:33:22 PDT"]
[Termination "SashaKuzhilniy won by resignation"]

1. d4 g6 2. c4 Bg7 3. g3 d6 4. Bg2 Nf6 5. Nc3 O-O 6. Nf3 c5 7. O-O Nc6 8. dxc5 dxc5 9. Bf4 Nh5 10. Be3 b6 11. Qc1 Bb7 12. Rd1 Qe8 13. Bh6 Bxh6 14.
Qxh6 f6 15. Rd2 Rd8 16. Rad1 Rxd2 17. Qxd2 Qf7 18. b3 Rd8 19. Qe3 Rxd1+ 20. Nxd1 Ng7 21. Nc3 Qe6 22. Qxe6+ Nxe6 23. e3 Kf7 24. Ne1 Nc7 25.
f4 Nd8 26. Bxb7 Nxb7 27. Kf2 Nd6 28. Kf3 h5 29. h3 Nb7 30. Nd3 Na5 31. g4 hxg4+ 32.
hxg4 Nc6 33. Ke4 e6 34. g5 fxg5 35. fxg5 Ke8 36. Ne5 Ne7 37. Kf4 Kd8 38. Ne4 Ne8 39. Nf6 Nd6 40. e4 a6 41. Nfg4 b5 42. Ne3 Ke8 43. cxb5 axb5 44. a4 c4 45. a5 cxb3 46. Nd1 Kd8 47. Ke3 Nc4+ 48. Kd4 b2 49. Nc3 Nxe5 50.
Kxe5 b4 51. Nb1 Nc6+ 52. Kxe6 Nxa5 53. Kf7 Nc4 54. Kxg6 Ke7 55. Kh7 Ne5 56. Nd2 Ke6 57. Kg7 Nf3 58. Nxf3 b1=Q 59. g6 Ke7 60. Kh6 Qxe4 61.
Ng5 Qh4+ 62. Kg7 Qxg5 63. Kh7 Qxg6+ 64. Kxg6 b3 65. Kg5 b2 66. Kh6 b1=Q 67. Kg7 Qf1 0-1

[Event "Early-Titled-Tuesday-Blitz-October-17-2023"]
[Site "Chess.com"]
[Date "2023.10.17"]
[Round "8"]
[White "Shockerlover"]
[Black "AnaKuchava"]
[Result "1/2-1/2"]
[WhiteElo "1969"]
[BlackElo "2234"]
[TimeControl "180+1"]
[EndTime "9:33:23 PDT"]
[Termination "Game drawn by stalemate"]

1. d4 d5 2. Nf3 Nf6 3. c4 e6 4. g3 Bb4+ 5. Nbd2 O-O 6. Bg2 c6 7. O-O Nbd7 8. Qc2 h6 9. a3 Be7 10.
Re1 b6 11. e4 dxe4 12. Nxe4 Nxe4 13. Qxe4 Bb7 14. Ne5 Nf6 15. Nxc6 Nxe4 16. Nxd8 Rfxd8 17. Bxe4 Bxe4 18. Rxe4 Rac8 19. b3 Bf6 20. Bb2 Rd7 21. Rd1 Rcd8 22. f4 g6 23. Kf2 g5 24. Ke3 gxf4+ 25.
gxf4 Kf8 26. Rg1 Ke7 27. a4 Bh4 28. d5 Kd6 29. dxe6 fxe6 30. Rd1+ Kc6 31. Rxd7 Kxd7 32. Rd4+ Kc6 33. Rxd8 Bxd8 34. Ke4 Kc5 35. Ba3+ Kc6 36. h3 h5 37. f5 exf5+ 38. Kxf5 Kd7 39. Kg6 h4 40. Kf5 Kc6 41. Ke5 a6 42. Ke6 b5 43.
axb5+ axb5 44. Bd6 bxc4 45. bxc4 Bg5 46. c5 Be3 47.
Kf5 Bxc5 48. Bxc5 Kxc5 49. Kg4 Kd6 50. Kxh4 Ke7 51. Kg5 Kf7 52. Kh6 Kg8 53. Kg6 Kh8 54. h4 Kg8 55. Kh6 Kh8 56. h5 Kg8 57. Kg6 Kh8 58.
h6 Kg8 59. Kh5 Kh8 60. Kg6 Kg8 61. h7+ Kh8 62. Kh6 1/2-1/2

[Event "Early-Titled-Tuesday-Blitz-October-17-2023"]
[Site "Chess.com"]
[Date "2023.10.17"]
[Round "8"]
[White "Truequitos"]
[Black "Dewarfd"]
[Result "1-0"]
[WhiteElo "2516"]
[BlackElo "2211"]
[TimeControl "180+1"]
[EndTime "9:33:26 PDT"]
[Termination "Truequitos won on time"]

1. d4 Nf6 2. Nf3 e6 3. g3 d5 4. Bg2 c5 5. c3 Be7 6. O-O O-O 7.
a3 a5 8. a4 b6 9. b3 Nc6 10.
Ba3 Ba6 11. Re1 c4 12. bxc4 Bxc4 13. Bxe7 Qxe7 14. Na3 Ba6 15. Qb3 Rab8 16. Nb5 Bxb5 17. Qxb5 Na7 18. Qb3 Rfc8 19. Ne5 b5 20. axb5 Rxb5 21.
Qa3 Qxa3 22. Rxa3 Rb2 23. Bf1 Nb5 24. Rxa5 Nxc3 25. Rc5 Rxc5 26. dxc5 Rb1 27. Rxb1 Nxb1 28. e3 Ne8 29. Kg2 Nc7 30. h4 Nc3 31. Bd3 g6 32. h5 f6 33. Nd7 Kf7 34. Kf3 e5 35. Kg4 e4 36. Bc2 Kg7 37. hxg6 hxg6 38. Kh3 Kf7 39.
Kg2 Ke7 40. Nb6 Ne6 41. c6 Kd6 42. Na4 Nxa4 43. Bxa4 Nd8 44. f3 exf3+ 45. Kxf3 Nxc6 46. Kf4 Ne5 47. Bc2 g5+ 48. Kf5 Nc4 49. Kxf6 Nxe3 50. Bd3 g4 51. Be2 d4 52. Kg5 Ke5 53. Bd3 Kd5 54.
Kf4 Nc2 55. Bxc2 Kc4 56. Ke4 Kc3 57. Bd3 1-0

[Event "Early-Titled-Tuesday-Blitz-October-17-2023"]
[Site "Chess.com"]
[Date "2023.10.17"]
[Round "8"]
[White "Chessbard1972"]
[Black "Maxfan2008"]
[Result "0-1"]
[WhiteElo "2356"]
[BlackElo "2520"]
[TimeControl "180+1"]
[EndTime "9:33:26 PDT"]
[Termination "Maxfan2008 won by checkmate"]

1. e4 c5 2. Nc3 d6 3. f4 Nc6 4. Bc4 g6 5. d3 Bg7 6. Nf3 e6 7. O-O Nge7 8. a3 O-O 9. Qe1 d5 10. Ba2 Nd4 11. Nxd4 cxd4 12. Ne2 dxe4 13. dxe4 b5 14.
Ng3 Bb7 15. Bd2 Rc8 16. Bb3 d3 17. c3 Kh8 18. f5 exf5 19. exf5 Qb6+ 20. Be3 Qc6 21.
Qd2 Rcd8 22. Rae1 Ng8 23. Bxa7 Nf6 24. Bd4 Rxd4 25. cxd4 Ng4 26. d5 Qc5+ 27. Kh1 Bh6 28. Qxd3 Nf2+ 29. Rxf2 Qxf2 30. Rf1 Qxb2 31. fxg6 fxg6 32.
Rxf8+ Bxf8 33. h3 Qa1+ 34. Nf1 Bc5 35. Bd1 Kg7 36. d6 Qxa3 37. Qxa3 Bxa3 38. d7 Be7 39. Ne3 Bc6 40. Bg4 h5 41. Be6 Kf6 42. Bb3 Ke5 43. Bc2 Bxd7 44. Bxg6 h4 45. Bb1 b4 46.
g3 Kd4 47. Kg2 Kxe3 48. gxh4 Bxh4 49. Bg6 Bc6+ 50. Kf1 b3 51. Bb1 Bb5+ 52. Kg1 Bd3 53. Bxd3 Kxd3 54. Kg2 b2 55. Kf3 b1=Q 56. Kg4 Qe1 57.
Kh5 Qg3 58. Kh6 Qg5+ 59. Kh7 Bg3 60. h4 Qg4 61. h5 Ke4 62. h6 Kf5 63. Kh8 Be5+ 64.
Kh7 Qg6# 0-1

[Event "Early-Titled-Tuesday-Blitz-October-17-2023"]
[Site "Chess.com"]
[Date "2023.10.17"]
[Round "8"]
[White "rachidhuilda"]
[Black "NowInChess"]
[Result "1/2-1/2"]
[WhiteElo "2316"]
[BlackElo "2205"]
[TimeControl "180+1"]
[EndTime "9:33:28 PDT"]
[Termination "Game drawn by repetition"]

1. d4 Nf6 2. Nf3 g6 3. e3 Bg7 4.
Be2 O-O 5. O-O d6 6. b3 Nc6 7. Bb2 e5 8. dxe5 Ng4 9. c4 Ncxe5 10. Nc3 Be6 11. h3 Nf6 12. Qd2 Qe7 13. Rfd1 Rad8 14. Rac1 c6 15. Nd4 Bc8 16. Bf1 d5 17. cxd5 Nxd5 18. Nxd5 Rxd5 19. Qe2 c5 20. Nb5 Rxd1 21.
Rxd1 a6 22. Nc3 Be6 23. Nd5 Bxd5 24. Rxd5 Rd8 25. Rxd8+ Qxd8 26. Qc2 Qd6 27. Be2 h5 28. Bc3 Nd7 29. Qd2 Qxd2 30. Bxd2 Kf8 31. Bf3 b6 32. Bc6 Ne5 33. Bb7 a5 34. Be4 Ke7 35. Bc2 Kd6 36. Kf1 f5 37. Ke2 h4 38. f4 Nc6 39. Kd3 Nb4+ 40.
Bxb4 axb4 41. e4 fxe4+ 42. Kxe4 Bf6 43. f5 g5 44. Kf3 Ke5 45. Kg4 Kd4 46. Kh5 Ke5 47.
Kg6 Bd8 48. Bd3 Bf6 49. Bc4 Bd8 50. Be6 Bf6 51. Kf7 Bd8 52. Ke8 Bf6 53. Kd7 Kd4 54. Kc6 Kc3 55. Kxb6 Bd4 56. f6 Bxf6 57. Kxc5 Be7+ 58.
Kd5 Kb2 59. Ke5 Kxa2 60. Kf5 Kb2 61.
Kg6 Kc3 62. Kf7 Bd8 63. Ke8 Bf6 64. Kf7 Bd8 65. Bc4 Kd4 66. Ke8 Bf6 67. Kd7 Ke5 68. Kc6 Kf4 69. Kc5 Bc3 70. Bd5 Kg3 71. Kd6 Kf4 72. Ke6 Bd2 73. Bf3 Bc3 74. Kf7 Bd2 75. Kg6 Bc3 76. Kf7 Bd2 77. Ke6 Bc3 78. Kf7 1/2-1/2

[Event "Early-Titled-Tuesday-Blitz-October-17-2023"]
[Site "Chess.com"]
[Date "2023.10.17"]
[Round "8"]
[White "tusplingher"]
[Black "jcibarra"]
[Result "0-1"]
[WhiteElo "2519"]
[BlackElo "2875"]
[TimeControl "180+1"]
[EndTime "9:33:29 PDT"]
[Termination "jcibarra won by checkmate"]

1. e4 c5 2. b3 b6 3. Bb2 Bb7 4. d3 e6 5. f4 d5 6. Nd2 Nf6 7. e5 Ng8 8. Ngf3 h5 9. g3 Ne7 10. Bg2 Nf5 11. Qe2 d4 12. Nf1 Nc6 13. h3 Be7 14. g4 Nh4 15. Nxh4 Bxh4+ 16. Kd2 g5 17. gxh5 gxf4 18. Bf3 Qc7 19. Nh2 O-O-O 20. Ng4 Rxh5 21. Raf1 Bg3 22. Kc1 Nxe5 23. Bxb7+ Kxb7 24. Nf6 Rf5 25. Ne4 f3 26. Qd1 Bf4+ 27. Kb1 Be3 28. Bc1 Rg8 29. Qe1 Bxc1 30. Qxc1 Rg2 31. h4 Rh5 32. Nf6 Rh8 33. h5 f2 34. h6 Ng6 35. h7 Qf4 36. Ne4 Qxc1+ 37. Kxc1 f5 38. Nxf2 Kc6 39. Rh6 Nf4 40. Nd1 Rg4 41. Nf2 Rg6 42. Rh4 Ne2+ 43. Kd2 Ng3 44. Re1 Kd5 45. Nh3 Rg4 46. Nf4+ Rxf4 47.
Rxf4 Rxh7 48. Rf3 Rh2+ 49. Kc1 Ne2+ 50. Kb2 Nc3 51. Rg1 Rh7 52. Rf2 Rf7 53. Rfg2 f4 54.
Rg5+ e5 55. Re1 Re7 56. Rf5 Re6 57. Rf8 Kd6 58. Rd8+ Kc7 59. Rf8 Re7 60. Rf5 Kd6 61.
Rxf4 exf4 62. Rf1 Rf7 63. Rf3 Nd5 64. Rh3 f3 65. Rh2 f2 66. Rh6+ Rf6 67. Rxf6+ Nxf6 68. c3 f1=Q 69. cxd4 cxd4 70. Ka3 Qxd3 71. Ka4 Qa6+ 72.
Kb4 Nd5# 0-1

[Event "Early-Titled-Tuesday-Blitz-October-17-2023"]
[Site "Chess.com"]
[Date "2023.10.17"]
[Round "8"]
[White "Sokoloco"]
[Black "Aslanov_Umid"]
[Result "1-0"]
[WhiteElo "2710"]
[BlackElo "2534"]
[TimeControl "180+1"]
[EndTime "9:33:31 PDT"]
[Termination "Sokoloco won by checkmate"]

1. b3 d5 2. Bb2 c5 3. e3 Nc6 4. Nf3 Nf6 5. d4 e6 6. Nbd2 Be7 7. Bd3 O-O 8. O-O b6 9. Ne5 Bb7 10. f4 Rc8 11. c3 Nd7 12. Rf3 g6 13. Rh3 Ndxe5 14.
fxe5 cxd4 15. exd4 Qe8 16. Qg4 f5 17. exf6 Rxf6 18.
Nf3 Bd6 19. Re1 Nd8 20. Qh4 Qe7 21. Ng5 h5 22. Nf3 Qg7 23. Ne5 Nf7 24. Rhe3 Be7 25.
Qh3 Nxe5 26. Rxe5 Rcf8 27. Qe3 Bc8 28. h3 Bd6 29. Rg5 Bf4 30. Qxf4 Rxf4 31. Rxg6 Qxg6 32. Bxg6 Rf2 33. Ba3 R8f6 34. Bxh5 Rxa2 35. Bd6 Rff2 36. Bf3 Rfc2 37. Re3 Rab2 38. Kh2 a5 39. c4 dxc4 40. bxc4 Rxc4 41. d5 Rd4 42. Be5 Rxd5 43. Bxb2 Rb5 44. Bd4 a4 45. Ra3 Rb4 46. Bc3 Rb3 47. Rxb3 axb3 48. Bd1 Kf7 49. Bxb3 Bb7 50. Kg3 Bc6 51. Kf2 Ke7 52. g4 Kd6 53. g5 Be4 54. Ke3 Bg6 55.
Kf4 e5+ 56. Bxe5+ Kc5 57. h4 b5 58. Bf6 b4 59. Be7+ Kd4 60. Bxb4 Kd3 61. Be6 Kd4 62. Bd6 Kc3 63. Bf5 Bh5 64. g6 Kc4 65. g7 Bf7 66. Ke5 Kb5 67. Be6 Bxe6 68. Kxe6 Kc4 69. g8=Q Kd4 70.
Qg4+ Ke3 71. Qf4+ Ke2 72. Qg3 Kf1 73. Qh2 Ke1 74. Ke5 Kd1 75. Ke4 Kc1 76. Kd3 Kb1 77. Kc3 Kc1 78. Qc2# 1-0

[Event "Early-Titled-Tuesday-Blitz-October-17-2023"]
[Site "Chess.com"]
[Date "2023.10.17"]
[Round "8"]
[White "verrbaa"]
[Black "Heinza9"]
[Result "1/2-1/2"]
[WhiteElo "2442"]
[BlackElo "2309"]
[TimeControl "180+1"]
[EndTime "9:33:31 PDT"]
[Termination "Game drawn by repetition"]

1. e4 e5 2. Nf3 Nc6 3. Bb5 f5 4. d3 Nf6 5. Nc3 d6 6. O-O Be7 7. exf5 Bxf5 8. d4 exd4 9. Nxd4 Bd7 10. Re1 O-O 11. Bc4+ Kh8 12. Ne6 Bxe6 13. Bxe6 Qe8 14. Bf4 a6 15. Bg3 Qg6 16. Nd5 Nxd5 17. Bxd5 Rae8 18.
c3 h5 19. Be4 Qh6 20. h4 g5 21. hxg5 Bxg5 22. Bxc6 bxc6 23. Qd4+ Bf6 24. Qf4 Bg5 25.
Qd4+ Qg7 26. Qxg7+ Kxg7 27. f3 h4 28. Bf2 c5 29.
Rxe8 Rxe8 30. Re1 Rb8 31. b3 Kf7 32. c4 a5 33. Be3 Bf6 34. Rd1 a4 35. Rd3 axb3 36.
axb3 Re8 37. Kf2 Ra8 38. f4 Ra2+ 39. Kf3 Rb2 40. Bf2 Kg6 41. Be1 Kf5 42. Bf2 Bd4 43.
Bxd4 cxd4 44. Rxd4 Rxb3+ 45. Kf2 Rc3 46. Ke2 h3 47. gxh3 Rxh3 48. Kf2 Rc3 49. Ke2 c5 50. Rxd6 Rxc4 51. Rd8 Kxf4 52. Kd3 Rc1 53. Re8 Rd1+ 54.
Kc4 Rc1+ 55. Kd3 c4+ 56. Kd2 Rb1 57. Kc3 Rc1+ 58. Kd2 Ra1 59. Kc3 Ra4 60. Rc8 Ra3+ 61. Kxc4 Ke5 62. Kb5 Rb3+ 63. Ka6 Ra3+ 64. Kb7 Rb3+ 65.
Ka7 Kd6 66. Rc1 Kd7 67. Rc2 Rb4 68. Rc1 Rb3 69. Rc2 Rb4 70. Rc1 Ra4+ 71. Kb7 Rb4+ 72.
Ka7 1/2-1/2

[Event "Early-Titled-Tuesday-Blitz-October-17-2023"]
[Site "Chess.com"]
[Date "2023.10.17"]
[Round "8"]
[White "Josgar05"]
[Black "MidnightFox"]
[Result "1-0"]
[WhiteElo "2374"]
[BlackElo "2463"]
[TimeControl "180+1"]
[EndTime "9:33:35 PDT"]
[Termination "Josgar05 won by checkmate"]

1. Nf3 g6 2. b3 Bg7 3. d4 Nf6 4. Bb2 O-O 5. g3 b6 6. Bg2 Bb7 7.
O-O d6 8. c4 Nbd7 9. Nc3 Ne4 10.
Qc2 Nxc3 11. Bxc3 Nf6 12. Rfe1 Be4 13. Qc1 c6 14. Bh3 Bxf3 15. exf3 e6 16. f4 d5 17. Bg2 Rc8 18. Qd2 Qd7 19. a4 a5 20. Rad1 Rfd8 21. Qe2 Bf8 22. Bf3 Bb4 23. Bxb4 axb4 24. h4 h5 25. Kg2 Kg7 26. Qe5 Qd6 27. Qe3 Ng8 28. Qd2 Ne7 29. Qb2 Nf5 30. c5 Qb8 31. cxb6 Qxb6 32.
Rc1 Qxd4 33. Qe2 c5 34. Red1 Qf6 35. Qe1 Nd4 36. Qe3 c4 37. Qxd4 Qxd4 38. Rxd4 cxb3 39. Rb1 Rc4 40. Rd3 Ra8 41. Rdxb3 Rxa4 42. Be2 Rd4 43. Bb5 Ra2 44. R1b2 Rxb2 45. Rxb2 Kf6 46. Kf3 Ke7 47. Ke3 Re4+ 48. Kd3 Kd6 49. Be8 Ke7 50. Ba4 f6 51. f3 Rc4 52. Bb5 Rc3+ 53. Ke2 b3 54. Ba4 Kd6 55. Bxb3 Kc5 56. Bc2 Kd4 57. Bxg6 f5 58.
Rd2+ Kc4 59. Bf7 d4 60. Kf2 Re3 61. Re2 Kd3 62. Rxe3+ dxe3+ 63. Ke1 e2 64. Bxe6 Ke3 65. Bd5 Kd3 66. Bb7 Ke3 67. Bc6 Kd3 68. Bb5+ Ke3 69. Bxe2 Kd4 70. Kf2 Kc3 71. Bb5 Kd2 72. Be8 Kd1 73. Bxh5 Kd2 74. Bg6 Kd3 75. h5 Kd4 76. h6 Kc3 77. h7 Kd2 78. h8=Q Kc1 79. Bxf5 Kd2 80. Qd4+ Kc1 81. Qc3+ Kd1 82. Bc2+ Kc1 83.
Bd3+ Kd1 84. Qc2# 1-0

[Event "Early-Titled-Tuesday-Blitz-October-17-2023"]
[Site "Chess.com"]
[Date "2023.10.17"]
[Round "8"]
[White "GMSAGOR"]
[Black "bescmelasti"]
[Result "0-1"]
[WhiteElo "2471"]
[BlackElo "2617"]
[TimeControl "180+1"]
[EndTime "9:33:42 PDT"]
[Termination "bescmelasti won on time"]

1. e4 c5 2. Nf3 e6 3. d4 cxd4 4. Nxd4 Nf6 5. Nc3 Nc6 6. Ndb5 Bc5 7. Nd6+ Ke7 8. Nxc8+ Rxc8 9. Bd3 Qc7 10. O-O h5 11.
Bg5 Kf8 12. Bxf6 gxf6 13. Qf3 Qe5 14. Ne2 Qxb2 15. Rab1 Qe5 16. Rxb7 Bb6 17. Rxd7 Bc7 18. Qh3 Ke8 19. Rxc7 Rxc7 20. Qe3 Nb4 21. Rb1 Nc6 22. f4 Qa5 23. Bb5 Kf8 24. Bxc6 Rxc6 25. Nd4 Rb6 26. Nb3 Qxa2 27. Qc5+ Kg7 28. Rd1 Qa4 29. Rd3 h4 30. e5 Qxf4 31. exf6+ Qxf6 32. Rf3 Qg6 33. Qe5+ Kg8 34.
h3 Rh5 35. Qc7 Rg5 36. Rf2 Rbb5 37. Nd4 Rb1+ 38. Kh2 Rg3 39. Qd8+ Kg7 40. Qxh4 Rd1 41. Qxg3 Rh1+ 42. Kxh1 Qxg3 43. Rf3 Qe1+ 44. Kh2 Qe5+ 45. Rg3+ Kf8 46. Nf3 Qc7 47. h4 Qxc2 48. h5 a5 49. h6 a4 50. Rh3 Kg8 51. h7+ Qxh7 52. Rxh7 Kxh7 53. Nd2 a3 54. Kg3 Kg6 55. Kf4 a2 56. Nb3 f6 57. g4 e5+ 58. Kf3 Kg5 59. Na1 f5 60. gxf5 Kxf5 61. Ke3 e4 62. Nb3 Ke5 63. Kd2 Kd5 64. Kc2 Kc4 65. Nd2+ Kd4 66. Kb2 e3 67. Nb3+ Kc4 0-1

[Event "Early-Titled-Tuesday-Blitz-October-17-2023"]
[Site "Chess.com"]
[Date "2023.10.17"]
[Round "8"]
[White "DarZay"]
[Black "ssunu"]
[Result "1/2-1/2"]
[WhiteElo "2210"]
[BlackElo "1929"]
[TimeControl "180+1"]
[EndTime "9:33:44 PDT"]
[Termination "Game drawn - insufficient material"]

1. e4 e6 2. d4 d5 3. Bd3 dxe4 4. Bxe4 Nf6 5. Bf3 c5 6. Ne2 Qc7 7. Nbc3 a6 8. O-O Nc6 9. d5 exd5 10. Nxd5 Nxd5 11. Bxd5 Be7 12. Bf4 Qb6 13. Ng3 O-O 14. Re1 Bf6 15. c4 Nd4 16. Nh5 Bf5 17. g4 Bc2 18. Qd2 Rad8 19. Kg2 h6 20. Bxh6 Rxd5 21. cxd5 gxh6 22. Qxh6 Bg6 23. Nf4 Bg7 24. Qg5 Qd6 25. h4 Bf6 26. Qh6 Bxh4 27. Ne6 Qxd5+ 28. Kh3 Qf3+ 29.
Kxh4 Qxf2+ 30. Kh3 Qf3+ 31. Kh4 Qf6+ 32. Kh3 Nxe6 33.
Qh4 Qf3+ 34. Qg3 Nf4+ 35. Kh2 Qxg3+ 36. Kxg3 Nd5 37. Re5 Rd8 38. Rd1 Rc8 39. Rexd5 Kg7 40. Rc1 c4 41. Rd4 b5 42. Kf4 Rc5 43. Re1 c3 44.
bxc3 Rxc3 45. Rd6 Ra3 46. Re2 b4 47. Rb6 a5 48. Rb2 Bd3 49. Ke5 Bc4 50. Rb7 Bxa2 51. Rf2 Be6 52. g5 Re3+ 53. Kd4 Rb3 54. Kc5 Ra3 55. Ra7 a4 56. Kxb4 Ra1 57. Rxa4 Rb1+ 58. Kc5 Rg1 59. Kd6 Rxg5 60. Raf4 Rd5+ 61. Ke7 Rd7+ 62.
Ke8 Rd5 63. Rg2+ Kh6 64. Rh4+ Rh5 65. Rxh5+ Kxh5 66. Ke7 Bd5 67. Kf6 Be6 68. Rg1 Kh4 69.
Rg7 Kh5 70. Rh7+ Kg4 71. Rxf7 Bxf7 1/2-1/2

[Event "Early-Titled-Tuesday-Blitz-October-17-2023"]
[Site "Chess.com"]
[Date "2023.10.17"]
[Round "8"]
[White "Maitreia"]
[Black "m_ezat"]
[Result "0-1"]
[WhiteElo "2683"]
[BlackElo "2562"]
[TimeControl "180+1"]
[EndTime "9:33:47 PDT"]
[Termination "m_ezat won by checkmate"]

1. c4 Nf6 2. g3 g6 3. Bg2 Bg7 4.
Nf3 O-O 5. O-O c5 6. Nc3 d5 7. cxd5 Nxd5 8. Nxd5 Qxd5 9. d3 Nc6 10. Be3 Bxb2 11.
Rb1 Bf6 12. Qa4 Qh5 13. Rfc1 Nd4 14. Bxd4 cxd4 15. Rc7 a6 16. Qb4 Rb8 17. Rc5 Qg4 18. Qb6 Qe6 19. Rc2 Qxb6 20. Rxb6 Be6 21. Nd2 Rfc8 22.
Rxc8+ Rxc8 23. Bxb7 Rc2 24. Ne4 Bh3 25. Rb1 Rxa2 26.
Re1 a5 27. f4 h6 28. Kf2 a4 29. Bd5 Rb2 30. Nxf6+ exf6 31. Ra1 Bd7 32. Rc1 a3 33. Rc7 Be6 34. Bxe6 fxe6 35. Ra7 a2 36. Kf3 Kf8 37. g4 Ke8 38. h4 Kd8 39. h5 gxh5 40. gxh5 f5 41.
e3 Rd2 42. exd4 Rxd3+ 43. Ke2 Rh3 44. Kf2 Rh2+ 45. Kg3 Rb2 46. Kf3 Kc8 47. Ke3 Kb8 48. Ra4 Kb7 49. Kd3 Kc6 50. Kc4 Rc2+ 51. Kb3 Rh2 52.
Kc4 Kb6 53. Ra8 Rf2 54. Ra3 Kb7 55. Ra4 Rc2+ 56. Kd3 Rb2 57. Kc4 Rf2 58. Kc5 Rc2+ 59. Kd6 Rc6+ 60. Ke5 Ra6 61. Rxa2 Rxa2 62. Kxe6 Ra5 63.
d5 Kc7 64. Kxf5 Kd6 65. Kg6 Rxd5 66. Kxh6 Ke6 67. Kg6 Rd1 68. h6 Rg1+ 69. Kh7 Kf7 70. Kh8 Kg6 71. h7 Ra1 72. f5+ Kf6 73. Kg8 Ra8# 0-1

[Event "Early-Titled-Tuesday-Blitz-October-17-2023"]
[Site "Chess.com"]
[Date "2023.10.17"]
[Round "8"]
[White "Me_ch_an"]
[Black "PowerThinking2650"]
[Result "1-0"]
[WhiteElo "2373"]
[BlackElo "2473"]
[TimeControl "180+1"]
[EndTime "9:33:56 PDT"]
[Termination "Me_ch_an won by resignation"]

1. e4 e5 2. Nf3 Nc6 3. Bb5 a6 4. Ba4 Nf6 5. Qe2 b5 6. Bb3 Be7 7. c3 d6 8. O-O O-O 9. Rd1 Na5 10.
Bc2 c5 11. d3 Re8 12. Nbd2 Bf8 13. Nf1 Bb7 14. Ng3 d5 15. Nh4 Qb6 16. Nhf5 c4 17. exd5 cxd3 18. Bxd3 Bxd5 19. Ne4 Nxe4 20. Bxe4 Bxe4 21.
Qxe4 Qc6 22. Qg4 Qg6 23. Qe4 Rad8 24. Be3 Nc4 25. b3 Nxe3 26. fxe3 Qe6 27. Qf3 g6 28. Ng3 f5 29. e4 f4 30. Ne2 Bc5+ 31. Kh1 h5 32. g3 Be3 33. gxf4 exf4 34. Nxf4 Bxf4 35. Qxf4 Rxd1+ 36. Rxd1 Qxe4+ 37. Qxe4 Rxe4 38. Rc1 Re2 39. a4 Kf7 40. axb5 axb5 41. c4 b4 42. c5 Ke7 43. Rc4 Kd7 44. Rxb4 Kc6 45. Rc4 g5 46. b4 h4 47. h3 Rb2 48. Rg4 Rb3 49. Kg2 Kb5 50.
Rxg5 Rxb4 51. Rg4 Rb3 52. Rxh4 Kxc5 53. Rf4 Kd5 54. h4 Ke5 55. Rf1 Rb4 56. Kg3 Rb6 57. Kg4 Rf6 58. Re1+ Kd6 59. Kg5 Rf2 60. h5 Rg2+ 61. Kf5 Rf2+ 62. Kg6 Rg2+ 63. Kh6 Kd7 64.
Kh7 Kd8 65. h6 Rg3 66. Re6 Ra3 67. Rg6 Ra7+ 68. Rg7 Ra6 69. Rg8+ Ke7 70. Rg6 Ra8 71. Kg7 Ra7 72. h7 Ke8+ 73. Kg8 Ra8 74. h8=Q Ke7+ 75. Kg7 Rxh8 76. Kxh8 1-0

[Event "Early-Titled-Tuesday-Blitz-October-17-2023"]
[Site "Chess.com"]
[Date "2023.10.17"]
[Round "8"]
[White "guillembaches"]
[Black "ChessQueen"]
[Result "0-1"]
[WhiteElo "2505"]
[BlackElo "2705"]
[TimeControl "180+1"]
[EndTime "9:34:01 PDT"]
[Termination "ChessQueen won on time"]

1. d4 f5 2. Bf4 Nf6 3. e3 e6 4. h3 c5 5. c3 Nc6 6. Nd2 cxd4 7. exd4 Be7 8. Ngf3 O-O 9. Bd3 b6 10. Qe2 a5 11. g4 Bb7 12. gxf5 exf5 13. O-O-O Qe8 14. Rhg1 Nh5 15. Bc7 Qf7 16. Ne5 Nxe5 17. Bxe5 Bf6 18. Bxf6 Nxf6 19. Bxf5 Qxa2 20. Rg3 Rae8 21. Qd3 Qa1+ 22.
Kc2 Qa4+ 23. Kc1 Bd5 24. Rdg1 Re7 25. f3 Rc8 26. Be4 Ba2 27. Qc2 Qxc2+ 28. Bxc2 Be6 29. Ne4 Nxe4 30. fxe4 g6 31. e5 Bd5 32. h4 Kf8 33. h5 gxh5 34. Rg5 Bf7 35. Rf1 Ke8 36. Bxh7 d6 37. Bg8 Bxg8 38. Rxg8+ Kd7 39. Rxc8 Kxc8 40.
exd6 Rh7 41. Rh1 Kd7 42. Kd2 Kxd6 43. Ke3 Kd5 44. Rh4 Kc4 45. Ke4 Kb3 46. d5 Kxb2 47. Ke5 Kxc3 48. d6 Kb3 49. Ke6 a4 50. d7 Rh8 51. Rxh5 Ra8 52. Rb5+ Kc2 53. Rxb6 a3 54. Rc6+ Kb2 55. Rb6+ Kc1 56. Rc6+ Kb2 57. Rb6+ Kc3 58. Rc6+ Kb4 59. Rc8 Ra6+ 60. Kd5 a2 61. d8=Q a1=Q 62.
Qe7+ Kb3 63. Qe4 Qd1+ 64. Qd4 Rd6+ 65. Kxd6 Qxd4+ 66. Kc7 Qc4+ 67. Kb7 Qb4+ 68. Kc7 Qe1 69. Kb7 Kb4 70. Rc6 Qe7+ 71. Kb6 Qe5 72. Kb7 Qd5 73. Kc7 Qe4 74. Rb6+ Kc5 75. Rd6 Qe7+ 76. Rd7 Qe5+ 77. Kd8 Qf5 78. Rc7+ Kd6 0-1

[Event "Early-Titled-Tuesday-Blitz-October-17-2023"]
[Site "Chess.com"]
[Date "2023.10.17"]
[Round "8"]
[White "jk13"]
[Black "Anton_Demchenko"]
[Result "0-1"]
[WhiteElo "2680"]
[BlackElo "3012"]
[TimeControl "180+1"]
[EndTime "9:34:09 PDT"]
[Termination "Anton_Demchenko won by resignation"]

1. e4 e5 2. Nf3 Nc6 3. Bc4 Nf6 4. d3 h6 5. O-O d6 6. a4 a5 7. Nc3 Be7 8. Re1 O-O 9. Nd5 Be6 10.
c3 Rb8 11. h3 Re8 12. Ba2 Bf8 13.
Be3 Bxd5 14. exd5 Ne7 15. c4 c5 16. dxc6 bxc6 17. c5 Ned5 18. Bc1 Nb4 19. Bb1 Rb7 20. cxd6 Bxd6 21. d4 e4 22. Nd2 Rbe7 23. Nc4 Bc7 24. Ra3 Rd7 25. Qe2 Rxd4 26. Be3 Rd5 27. Rc3 Nd3 28.
Rf1 Nh5 29. g3 Nf6 30. Kg2 Nh7 31. Nd2 f5 32. Ba2 Kh8 33. Rxc6 Rd6 34. Rxd6 Bxd6 35.
Nc4 Bc7 36. Qh5 Rf8 37. Bd2 f4 38. Bc3 Qg5 39. Qxg5 Nxg5 40. h4 Nf3 41. Bb1 Nc5 42. Bxe4 Nxe4 43. Kxf3 Nxc3 44. bxc3 fxg3+ 45. Kg2 Rf4 46. Ne3 Rxh4 47. fxg3 Rxa4 48. Rf7 Be5 49. c4 Ra2+ 50.
Kf3 a4 51. Re7 Bf6 52. Ra7 a3 53. Nd5 Bd4 54. Ra8+ Kh7 55. Nb4 Rb2 56. Nc6 Rb3+ 57. Ke4 Bc5 58. Ne5 Re3+ 59. Kf4 Re1 60. g4 Rf1+ 61.
Ke4 Re1+ 62. Kd5 Bb4 63. Nf7 Rd1+ 64. Kc6 Rd4 65. Ne5 Re4 66. Kd5 Re1 67. Ke6 Bc3 68.
Rxa3 Bxe5 69. Kf7 Bf6 70. Rf3 Re4 71. c5 Rxg4 72. Rf5 Rc4 73. Rd5 Rc2 74. Ke6 Kg6 75.
Kd7 h5 76. c6 h4 77. c7 h3 78.
Rd3 h2 79. Rg3+ Kf5 80. Rh3 Be5 81. c8=Q Rxc8 82. Kxc8 g5 83. Kd7 g4 84. Rh7 g3 85.
Kc6 g2 86. Rh5+ Ke4 87. Rh4+ Bf4 88. Rh3 0-1